 Dungeon Crawl Stone Soup version 0.28.0 (webtiles) character file.

Game seed: 6769324359313166921

17749 danielguo94 the Basher (level 12, -28/73 HPs)
             Began as a Gargoyle Fighter on Feb 7, 2022.
             Was an Elder of the Shining One.
             Annihilated by Rupert (36 damage)
             ... on level 3 of the Lair of Beasts.
             The game lasted 00:16:14 (12586 turns).

danielguo94 the Basher (Gargoyle Fighter)          Turns: 12586, Time: 00:16:14

Health: -28/73     AC: 35    Str: 23    XL:     12   Next: 51%
Magic:  15/17      EV:  9    Int:  9    God:    the Shining One [****..]
Gold:   661        SH: 15    Dex: 17    Spells: 11/11 levels left

rFire   + . .      SeeInvis .   y - +1 flail (protect)
rCold   + . .      Faith    .   c - +0 buckler
rNeg    + + +      Spirit   .   z - +3 chain mail {rC+}
rPois   ∞          Reflect  .   B - +0 helmet
rElec   +          Harm     .   A - +2 cloak {rCorr}
rCorr   +          Rampage  .   (no gloves)
Will    .....                   n - +0 pair of boots
Stlth   ..........              s - macabre finger necklace {rN+}
HPRegen 0.22/turn               g - ring of protection from fire
MPRegen 0.15/turn               j - +6 ring of dexterity
                                (no ring)

@: divinely shielded, about to teleport, under a protective aura, glowing
A: sickness immunity, AC +8, negative energy resistance 1, electricity
resistance, torment resistance 1, petrification resistance
a: Renounce Religion, Divine Shield, Cleansing Flame


You were on level 3 of the Lair of Beasts.
You worshipped the Shining One.
The Shining One was greatly pleased with you.
You visited 3 branches of the dungeon, and saw 13 of its levels.
You also visited: Gauntlet.

You collected 661 gold pieces.

Inventory:

Hand Weapons
 d - a +3 vorpal flail
 y - a +1 flail of protection (weapon)
 Q - a +0 flail of holy wrath
Missiles
 a - 34 poisoned darts
 b - 4 boomerangs
 e - 402 stones (quivered)
 f - 2 atropa-tipped darts
 E - 20 javelins
 K - a throwing net
Armour
 c - a +0 buckler (worn)
 n - a +0 pair of boots (worn)
 z - a +3 chain mail of cold resistance (worn)
 A - a +2 cloak of preservation (worn)
 B - a +0 helmet (worn)
 S - a +0 helmet of see invisible
Jewellery
 g - a ring of protection from fire (left hand)
 j - a +6 ring of dexterity (right hand)
 s - the macabre finger necklace (around neck) {rN+}
   (You took it off a minotaur in a Gauntlet)

   [amulet of nothing]

   It enables you to equip an extra ring.
   rN:        It protects you from negative energy.
 C - an amulet of reflection
 D - a +6 ring of intelligence
 H - an amulet of faith
Wands
 w - a wand of acid (16)
 J - a wand of flame (34)
 L - a wand of polymorph (9)
 M - a wand of paralysis (16)
 N - a wand of iceblast (21)
 V - a wand of digging (3)
Scrolls
 i - 4 scrolls of fear
 l - a scroll of torment {unknown}
 o - 4 scrolls of blinking
 p - a scroll of magic mapping
 r - 2 scrolls of teleportation
 t - 2 scrolls of immolation
 x - 2 scrolls of enchant armour
 F - a scroll of brand weapon {unknown}
 G - a scroll of summoning {unknown}
 I - a scroll of acquirement {unknown}
 P - 2 scrolls of silence {unknown}
 U - a scroll of enchant weapon {unknown}
 X - a scroll of fog {unknown}
Potions
 h - 2 potions of cancellation
 k - 4 potions of curing
 m - 3 potions of ambrosia
 q - 2 potions of magic
 u - 2 potions of attraction
 v - 4 potions of mutation
 O - 2 potions of brilliance {unknown}
 R - a potion of haste {unknown}
 T - a potion of invisibility {unknown}
 W - a potion of degeneration {unknown}


   Skills:
 + Level 8.1 Fighting
 * Level 14.5 Maces & Flails
 + Level 8.2 Armour
 + Level 3.3 Dodging
 + Level 8.3 Shields
 * Level 7.0 Invocations
 + Level 0.4 Evocations


You had 11 spell levels left.
You didn't know any spells.
Your spell library contained the following spells:

 Spells                   Type           Power      Damage    Failure   Level
 Blink                    Tloc           0%         N/A       99%         2
 Ensorcelled Hibernation  Hex/Ice        0%         N/A       99%         2
 Lesser Beckoning         Tloc           0%         N/A       100%        3
 Tukima's Dance           Hex            0%         N/A       100%        3
 Hailstorm                Conj/Ice       0%         3d3       100%        4
 Passage of Golubria      Tloc           0%         N/A       100%        4
 Summon Ice Beast         Ice/Summ       0%         N/A       100%        4
 Freezing Cloud           Conj/Ice/Air   0%         6-21      100%        5
 Manifold Assault         Tloc           0%         N/A       100%        5
 Yara's Violent Unravell  Hex/Tmut       0%         3d3       100%        5
 Simulacrum               Ice/Necr       0%         N/A       100%        6
 Starburst                Conj/Fire      0%         6d3       100%        6
 Borgnjor's Revivificati  Necr           0%         N/A       100%        8
 Necromutation            Tmut/Necr      0%         N/A       100%        8
 Death's Door             Necr           0%         N/A       100%        9
 Polar Vortex             Ice            0%         N/A       100%        9


Dungeon Overview and Level Annotations

Branches:
Dungeon (9/15)             Temple (1/1) D:6            Lair (3/6) D:9
  Swamp (0/4) Lair:3          Orc (0/2) D:9         Gauntlet (visited)
  Snake: Lair:2-4    Spider: Lair:2-4

Altars:
Ashenzari
Cheibriados
Dithmenos
Elyvilon
Fedhas
Gozag
Hepliaklqana
Kikubaaqudgha
Makhleb
Nemelex Xobeh
Okawaru
Qazlal
Ru
Sif Muna
Trog
Uskayaw
Vehumet
Wu Jian
Xom
Yredelemnul
Zin
The Shining One

Annotations:
D:9 exclusion: orange crystal statue
Lair:3 Rupert


Innate Abilities, Weirdness & Mutations

You are immune to sickness and miasma.
Your stone body is resilient. (AC +8)
You are immune to poison.
You resist negative energy. (rN+)
You are resistant to electric shocks. (rElec)
You are resistant to unholy torment.
You are immune to petrification.


Message History

Rupert is lightly wounded.
You block Rupert's attack.
You sock Rupert!
Rupert is lightly wounded.
You block Rupert's attack.
You hit Rupert.
Rupert is lightly wounded.
You block Rupert's attack.
You hit Rupert but do no damage.
Rupert is lightly wounded.
You block Rupert's attack.
You barely miss Rupert.
Rupert is lightly wounded.
You sock Rupert!
Rupert is lightly wounded.
Rupert hits you with a +3 battleaxe of freezing.
You sock Rupert!
Rupert is moderately wounded.
Rupert roars madly and goes into a rage!
Rupert goes berserk!
You sock Rupert!
Rupert is moderately wounded.
Rupert hits you with a +3 battleaxe of freezing!
Rupert freezes you.
You barely miss Rupert.
Rupert is moderately wounded.
You block Rupert's attack.
You thump Rupert!
Rupert is moderately wounded.
Rupert hits you with a +3 battleaxe of freezing!!!
Ouch! That really hurt!
* * * LOW HITPOINT WARNING * * *
Rupert freezes you.
* * * LOW HITPOINT WARNING * * *
Unknown command.
Unknown command.
As you read the scroll of teleportation, it crumbles to dust.
You feel strangely unstable.
Rupert hits you with a +3 battleaxe of freezing!!!
You die...

##
###....P#
#
##....###
#
##.....##
#
#P....P#
.
##.....##
.
###....#
##...# #
##..###
#P#.@#
#####@§#
§§§#
§§§§#
#§§§# #
..§# ###
.... ..#
### ...##
..###.#


You could see Rupert (berserk).

Vanquished Creatures
  A minotaur (Gauntlet)
  A great orb of eyes (Gauntlet)
  Harold (D:8)
  Urug (Lair:1)
  The ghost of dornbeast the Cutter, a novice DsBr of Uskayaw (D:6)
  A wizard (Gauntlet)
  A lindwurm (Lair:3)
  2 ugly things (Gauntlet)
  The ghost of RBrandon the Sneak, a novice KoWr of Yredelemnul (D:7)
  A moth of wrath (Gauntlet)
  4 elephants (Lair:2)
  6 cane toads
  A kobold demonologist (D:7)
  A rime drake (Lair:3)
  A komodo dragon (Lair:3)
  3 polar bears
  A hornet (D:9)
  The ghost of DemonSlayer the Magician, an amateur DEWz of Sif Muna (D:4)
  Eustachio (D:6)
  A wraith (D:7)
  7 yaks
  Sigmund (D:6)
  2 shadows (D:9)
  2 wyverns
  2 basilisks
  Edmund (D:6)
  3 wargs (D:9)
  6 water moccasins
  3 orc warriors
  A black bear (D:4)
  2 ice beasts
  7 wolves
  2 centaurs
  3 ogres
  2 phantoms
  2 kobold brigands
  9 bullfrogs
  A gnoll sergeant (D:7)
  3 scorpions
  A troll zombie (D:9)
  9 wights
  2 electric eels (Lair:3)
  A howler monkey (D:7)
  3 centaur zombies
  3 hounds
  A bullfrog skeleton (D:4)
  2 jellies
  3 orc priests
  11 orc wizards
  2 killer bee zombies
  5 ogre zombies (D:9)
  A howler monkey zombie (D:7)
  4 gnolls (D:3)
  8 adders
  2 shadow imps
  4 white imps
  A worm (D:2)
  2 dart slugs
  25 orcs
  6 ball pythons
  3 endoplasms
  2 giant cockroaches (D:2)
  4 goblins
  2 hobgoblins (D:3)
  7 jackals
  5 quokkas
  7 bats
  5 frilled lizards
  2 goblin zombies (D:9)
  A hobgoblin skeleton (D:9)
  2 hobgoblin zombies (D:9)
  11 kobolds
  2 orc skeletons (D:9)
  12 orc zombies (D:9)
  8 rats
259 creatures vanquished.

Vanquished Creatures (others)
  An orc wizard (D:6)
  8 fungi (Gauntlet)
  26 plants
  2 withered plants (D:6)
37 creatures vanquished.

Grand Total: 296 creatures vanquished

Notes
Turn   | Place    | Note
-------+----------+-------------------------------------------
     0 | D:1      | danielguo94 the Gargoyle Fighter began the quest for the
                  | Orb.
     0 | D:1      | Reached XP level 1. HP: 14/14 MP: 1/1
    67 | D:1      | Reached XP level 2. HP: 17/19 MP: 2/2
   120 | D:1      | Found a faded altar of an unknown god.
   598 | D:2      | Reached XP level 3. HP: 23/23 MP: 3/3
  1055 | D:2      | Reached skill level 3 in Maces & Flails
  1285 | D:2      | Reached XP level 4. HP: 16/29 MP: 4/4
  1603 | D:3      | Reached skill level 1 in Dodging
  1611 | D:3      | Reached XP level 5. HP: 22/33 MP: 5/5
  1785 | D:3      | Reached skill level 4 in Maces & Flails
  1971 | D:3      | You fall into a shaft and drop 3 floors!
  2016 | D:6      | Noticed an ogre
  2020 | D:6      | Killed an ogre
  2032 | D:5      | Entered Level 5 of the Dungeon
  2032 | D:5      | Noticed Edmund
  2060 | D:6      | Noticed an orc warrior
  2076 | D:6      | Reached XP level 6. HP: 32/38 MP: 6/6
  2154 | D:6      | Noticed Sigmund
  2164 | D:6      | Killed Sigmund
  2165 | D:6      | Reached skill level 5 in Maces & Flails
  2200 | D:6      | Killed Edmund
  2201 | D:6      | Reached XP level 7. HP: 34/43 MP: 7/7
  2227 | D:6      | Reached skill level 6 in Maces & Flails
  3300 | D:4      | Reached skill level 7 in Maces & Flails
  3300 | D:4      | Reached XP level 8. HP: 35/48 MP: 8/8
  3756 | D:4      | Noticed DemonSlayer's ghost (amateur DEWz)
  3762 | D:4      | Found a transporter.
  3770 | D:4      | Found a transporter.
  3974 | D:4      | Reached skill level 8 in Maces & Flails
  4289 | D:4      | Killed DemonSlayer's ghost
  4290 | D:4      | Reached skill level 5 in Armour
  4338 | D:5      | Reached skill level 5 in Fighting
  4338 | D:5      | Reached skill level 5 in Shields
  4402 | D:5      | Reached XP level 9. HP: 54/54 MP: 9/9
  4736 | D:6      | Noticed Eustachio
  4762 | D:6      | Reached skill level 9 in Maces & Flails
  4781 | D:6      | Killed Eustachio
  4814 | D:6      | Found a staircase to the Ecumenical Temple.
  4852 | Temple   | Entered the Ecumenical Temple
  4959 | Temple   | Became a worshipper of the Shining One
  5382 | D:6      | Found a runed translucent door.
  5382 | D:6      | Noticed dornbeast's ghost (novice DsBr)
  5395 | D:6      | Found an ancient bone altar of Kikubaaqudgha.
  5707 | D:6      | Reached skill level 1 in Invocations
  5716 | D:6      | Reached skill level 10 in Maces & Flails
  6092 | D:7      | Found a runed translucent gate.
  6092 | D:7      | Found a runed translucent gate.
  6092 | D:7      | Found a runed translucent gate.
  6093 | D:7      | Noticed RBrandon's ghost (novice KoWr)
  6143 | D:7      | Reached * piety under the Shining One
  6301 | D:7      | Reached XP level 10. HP: 56/60 MP: 11/11
  6341 | D:7      | Got Sickys's Compendium of the Glacial Volcanoes
  6519 | D:7      | Found a glowing silver altar of Zin.
  6565 | D:7      | Reached skill level 11 in Maces & Flails
  6887 | D:6      | Killed dornbeast's ghost
  6978 | D:7      | Killed RBrandon's ghost
  7032 | D:8      | Noticed Harold
  7056 | D:8      | Killed Harold
  7063 | D:8      | Noticed a kobold demonologist
  7162 | D:7      | Killed a kobold demonologist
  7221 | D:8      | Reached skill level 12 in Maces & Flails
  7605 | D:9      | Found a staircase to the Lair.
  7622 | D:9      | Reached XP level 11. HP: 58/66 MP: 14/14
  7771 | D:9      | Noticed an orange crystal statue
  7780 | D:9      | Reached skill level 5 in Invocations
  7955 | D:9      | Reached ** piety under the Shining One
  8079 | D:9      | Found a staircase to the Orcish Mines.
  8136 | D:9      | Reached *** piety under the Shining One
  8746 | Lair:1   | Entered Level 1 of the Lair of Beasts
  8802 | Lair:1   | Found a gate leading to a gauntlet.
  8815 | Lair:1   | Reached skill level 13 in Maces & Flails
  8904 | Gauntlet | Entered a Gauntlet
  8904 | Gauntlet | Found a transporter.
  8904 | Gauntlet | Found a transporter.
  8908 | Gauntlet | Found a transporter.
  8908 | Gauntlet | Found a transporter.
  8908 | Gauntlet | Reached **** piety under the Shining One
  8911 | Gauntlet | Noticed a moth of wrath
  8917 | Gauntlet | Found a transporter.
  8935 | Gauntlet | Noticed a tengu warrior
  8936 | Gauntlet | Found a transporter.
  8942 | Gauntlet | Noticed a cacodemon
  8942 | Gauntlet | Noticed a great orb of eyes
  8944 | Gauntlet | Noticed a brown ugly thing
  8945 | Gauntlet | Noticed a green ugly thing
  8946 | Gauntlet | Found a transporter.
  8946 | Gauntlet | Found a transporter.
  8949 | Gauntlet | Found a transporter.
  8976 | Gauntlet | Found a transporter.
  8983 | Gauntlet | Found a transporter.
  8998 | Gauntlet | Noticed a wizard
  9001 | Gauntlet | Found a transporter.
  9005 | Gauntlet | Found a large runed translucent door.
  9040 | Gauntlet | Found a transporter.
  9042 | Gauntlet | Found a large runed translucent door.
  9042 | Gauntlet | Found a large runed translucent door.
  9043 | Gauntlet | Found a large runed translucent door.
  9043 | Gauntlet | Found a large runed translucent door.
  9044 | Gauntlet | Found a runed translucent door.
  9044 | Gauntlet | Found a large runed translucent door.
  9044 | Gauntlet | Found a runed translucent door.
  9044 | Gauntlet | Found a large runed translucent door.
  9044 | Gauntlet | Found a large runed translucent door.
  9045 | Gauntlet | Found a large runed translucent door.
  9045 | Gauntlet | Found a large runed translucent door.
  9048 | Gauntlet | Found a large runed translucent door.
  9048 | Gauntlet | Found a large runed translucent door.
  9050 | Gauntlet | Found a large runed translucent door.
  9050 | Gauntlet | Found a large runed translucent door.
  9050 | Gauntlet | Found a large runed translucent door.
  9052 | Gauntlet | Found a runed translucent gate.
  9052 | Gauntlet | Found a runed translucent gate.
  9052 | Gauntlet | Found a runed translucent gate.
  9065 | Gauntlet | Found a large runed translucent door.
  9068 | Gauntlet | Noticed a manticore
  9068 | Gauntlet | a komodo dragon changed into a manticore
  9088 | Gauntlet | Noticed a moth of wrath
  9090 | Gauntlet | Noticed a steelbarb worm
  9090 | Gauntlet | a moth of wrath changed into a steelbarb worm
  9107 | Gauntlet | a steelbarb worm changed into an elephant
  9159 | Gauntlet | Found a transporter.
  9179 | Gauntlet | Found a transporter.
  9274 | Gauntlet | Killed a wizard
  9345 | Gauntlet | Killed a moth of wrath
  9361 | Gauntlet | Noticed a spark wasp
  9501 | Gauntlet | Noticed a steelbarb worm
  9512 | Gauntlet | Killed a brown ugly thing
  9521 | Gauntlet | Killed a brown ugly thing
  9530 | Gauntlet | Noticed a faun
  9530 | Gauntlet | a steelbarb worm changed into a faun
  9533 | Gauntlet | Killed a great orb of eyes
  9745 | Gauntlet | Noticed a minotaur
  9776 | Gauntlet | The Shining One protects you from harm!
  9782 | Gauntlet | The Shining One protects you from harm!
  9786 | Gauntlet | Killed a minotaur
 10449 | Lair:1   | Noticed Urug
 10469 | Lair:1   | Killed Urug
 10470 | Lair:1   | Reached skill level 14 in Maces & Flails
 10865 | Lair:1   | Reached XP level 12. HP: 72/72 MP: 16/16
 11046 | Lair:2   | Identified the -3 pair of gloves of Pirair {rPois}
 12492 | Lair:3   | Found a shimmering altar of Xom.
 12571 | Lair:3   | Found a staircase to the Swamp.
 12574 | Lair:3   | Noticed Rupert
 12586 | Lair:3   | Annihilated by Rupert

Illustrated notes

Levels and vault maps discovered:
D:1:      scummos_arrival_star, layout_rooms, ebering_ecumenical_altar_hall
D:2:      layout_basic, minmay_circle_x
D:3:      layout_loops_cross, serial_forest, infiniplex_forest_clump_double,
          infiniplex_forest_diagonal, infiniplex_forest_straight_4,
          infiniplex_forest_end_1, infiniplex_forest_lined_3_way,
          infiniplex_forest_clump_small, infiniplex_forest_clump_double,
          infiniplex_forest_clump_long
D:4:      layout_layer_cave, gammafunk_ghost_arena
D:5:      layout_rooms, uniq_edmund
D:6:      wander_river, layout_basic, nicolae_overflow_crystal_walls,
          minmay_temple_entry_gardened_gates, gammafunk_ghost_grave,
          uniq_sigmund, uniq_eustachio
D:7:      layout_basic, ebering_ghost_rock_garden, minmay_ruined_shrine
D:8:      layout_cave_pools, uniq_harold
D:9:      layout_long_grid, erik_lair_orcish_takeover, zombieorc1_lemuel,
          minivault_16
Temple:   kilobyte_greek_temple
Lair:1:   layout_regular_city, gauntlet_entry_generic, uniq_urug
Lair:2:   layout_cave_pods, grunt_megastairs_2
Lair:3:   statuecave_lemuel, layout_concentric_octagons, swamp_mist,
          basic_altar, uniq_rupert

Skill      XL: |  1  2  3  4  5  6  7  8  9 10 11 12 |
---------------+-------------------------------------+-----
Maces & Flails | 3 4 5 7 8 10 12 14 | 14.5
Dodging        | 1 2 3 |  3.3
Fighting       | 4 5 6 7 8 |  8.1
Armour         | 4 5 6 7 8 |  8.2
Shields        | 4 5 6 7 8 |  8.3
Invocations    | 2 4 6 7 |  7.0
Evocations     | |  0.4

Action                   |  1- 3 |  4- 6 |  7- 9 | 10-12 || total
-------------------------+-------+-------+-------+-------++-------
Melee: Flail             |   114 |   111 |   362 |   752 ||  1339
Invok: Divine Shield     |       |       |       |     1 ||     1
Evoke: Wand              |       |     2 |       |       ||     2
  Use: Potion            |       |     2 |       |     5 ||     7
       Scroll            |       |       |     6 |     8 ||    14
Armor: Scale mail        |    78 |    61 |       |       ||   139
       Chain mail        |       |       |   267 |   397 ||   664
Dodge: Dodged            |    80 |    44 |   143 |   217 ||   484
Block: Buckler           |    18 |    24 |   181 |   256 ||   479
       Reflection        |       |       |     3 |     6 ||     9
